 Dungeon Crawl Stone Soup version 0.30-b1-2-g02819fbbbe (webtiles) character file.

Game seed: 8921028316217820240

597 LLlMATKO the Trooper (level 7, -2/62 HPs)
             Began as a Minotaur Berserker on Oct 29, 2023.
             Was a Priest of Trog.
             Slain by a wight
             ... wielding a +0 spear
              (5 damage)
             ... on level 4 of the Dungeon.
             The game lasted 00:02:50 (2897 turns).

LLlMATKO the Trooper (Minotaur Berserker)           Turns: 2897, Time: 00:02:51

Health: -2/62      AC:  9    Str: 23    XL:     7   Next: 17%
Magic:  6/6        EV: 11    Int:  4    God:    Trog [***...]
Gold:   192        SH:  0    Dex: 10    Spells: 6/6 levels left

rFire   . . .        a - +0 hand axe
rCold   . . .        (no shield)
rNeg    . . .        g - +0 scale mail
rPois   .            s - +1 hat
rElec   .            (no cloak)
rCorr   .            p - +0 pair of gloves
SInv    .            (no boots)
Will    .....        (no amulet) Stlth
                     (no ring)
HPRegen 0.30/turn    (no ring)
MPRegen 0.10/turn

%: no passive effects
@: on berserk cooldown, slowed, very slow
A: horns 2, retaliatory headbutt
a: Renounce Religion, Berserk, Trog's Hand


You were on level 4 of the Dungeon.
You worshipped Trog.
Trog was most pleased with you.
You visited 1 branch of the dungeon, and saw 4 of its levels.

You collected 192 gold pieces.

Inventory:

Hand Weapons
 a - a +0 hand axe (weapon)
 o - a +0 hand axe
Missiles
 i - 2 javelins
 k - 6 poisoned darts (quivered)
Armour
 g - a +0 scale mail (worn)
 p - a +0 pair of gloves (worn)
 s - a +1 hat (worn)
Wands
 h - a wand of digging (6)
Scrolls
 d - a scroll of blinking {unknown}
 f - a scroll of immolation {unknown}
 j - 2 scrolls of enchant armour {unknown}
 l - 3 scrolls of poison {unknown}
 m - a scroll of fear {unknown}
 r - a scroll of identify {unknown}
 u - 2 scrolls of amnesia {unknown}
 v - a scroll of magic mapping {unknown}
Potions
 b - a potion of mutation {unknown}
 c - 2 potions of attraction {unknown}
 e - a potion of might {unknown}
 n - a potion of berserk rage {unknown}
 q - 4 potions of heal wounds {unknown}
 t - a potion of curing {unknown}


   Skills:
 + Level 5.9 Fighting
 + Level 5.8 Axes
 + Level 5.1 Armour
 + Level 4.6 Dodging


You had 6 spell levels left.
You didn't know any spells.
Your spell library was empty.

Dungeon Overview and Level Annotations

Branches:
Dungeon (4/15)
 Temple: D:4-7

Altars:
Elyvilon


Innate Abilities, Weirdness & Mutations

You have a pair of horns on your head.
You reflexively headbutt those who attack you in melee.


Message History

The orc hits you but does no damage. x2
An orc comes into view. It is wielding a +0 flail.
Unknown command.
The howler monkey howls!
The orc shouts!
You hit the orc. Your headbutt misses the orc.
The orc is lightly wounded.
You barely miss the orc. The orc hits you but does no damage. x2
The orc priest looks satisfied for a moment.
The orc hits you but does no damage.
Unknown command.
You barely miss the orc. You headbutt the orc.
The orc is severely wounded.
You hit the orc. The orc closely misses you.
The howler monkey hoots and howls with incredible vigour!
The orc hits you with a +0 hand axe.
* * * LOW HITPOINT WARNING * * *
The orc hits you but does no damage.
You hear an angry hiss.
You hit the orc.
You kill the orc!
Trog accepts your kill.
You hit the orc but do no damage. The orc hits you but does no damage.
Unknown command.
You barely miss the orc. You hit the orc.
You kill the orc!
Trog accepts your kill. The orc barely misses you. You furiously retaliate!
You headbutt the orc. The wight misses you. The orc misses you.
You furiously retaliate!
You headbutt the orc!
You kill the orc!
Trog accepts your kill. The wight barely misses you.
A wight comes into view. It is wielding a +3 flail.
You barely miss the orc priest.
The orc priest is moderately wounded.
The orc priest barely misses you.
The wight hits you from afar with a +0 spear.
* * * LOW HITPOINT WARNING * * *
The wight hits you from afar with a +0 spear.
You die...

## .. # # #.. #.
### #.# ..z ..#
#.# ... #.# #.#
.o #.# #.#
..#.#z##)####.##
.....ho@)......#
#.#.#.##)####..#
.# .. #.......#
.# #.
#.#####.#######.#
#
#.......†........
#..#########.#.##
...# #.#.# ...#
#.#.#
#######.#.##


You could see a howler monkey, 2 wights, an orc priest and an orc.

Vanquished Creatures
  An ogre (D:4)
  2 wights (D:4)
  3 orc priests
  A hound (D:4)
  3 sleepcaps (D:3)
  An orc wizard (D:3)
  5 gnolls
  3 adders
  2 ufetubi (D:4)
  A worm (D:2)
  5 orcs
  10 endoplasms
  3 giant cockroaches
  9 goblins
  9 hobgoblins
  3 jackals (D:1)
  4 quokkas
  8 ball pythons
  6 bats
  3 frilled lizards
  4 kobolds
  4 rats
90 creatures vanquished.

Vanquished Creatures (others)
  7 plants (D:4)
7 creatures vanquished.

Grand Total: 97 creatures vanquished

Notes
Turn   | Place    | Note
-------+----------+-------------------------------------------
     0 | D:1      | LLlMATKO the Minotaur Berserker began the quest for the
                  | Orb.
     0 | D:1      | Reached XP level 1. HP: 19/19 MP: 0/0
   109 | D:1      | Reached XP level 2. HP: 14/27 MP: 1/1
   773 | D:1      | Reached XP level 3. HP: 33/33 MP: 2/2
   791 | D:1      | Found a faded altar of an unknown god.
   932 | D:1      | Reached ** piety under Trog
  1233 | D:2      | Identified the +0 robe of Leaves {Will+ Str-2 Int+3 Dex+3}
  1642 | D:3      | Reached XP level 4. HP: 31/41 MP: 3/3
  1652 | D:3      | Reached XP level 5. HP: 17/47 MP: 4/4
  1946 | D:3      | Reached skill level 5 in Fighting
  1949 | D:3      | Reached skill level 5 in Axes
  1959 | D:3      | Reached XP level 6. HP: 56/56 MP: 5/5
  2064 | D:3      | Found a white marble altar of Elyvilon.
  2778 | D:4      | Reached *** piety under Trog
  2890 | D:4      | Reached skill level 5 in Armour
  2890 | D:4      | Reached XP level 7. HP: 14/62 MP: 6/6
  2897 | D:4      | HP: 3/62 [wight/+0 spear (6)]
  2897 | D:4      | Slain by a wight

Illustrated notes

Levels and vault maps discovered:
D:1:      erik_arrival_cave_to_civilisation [erik_arrival_cave_to_hall],
          layout_basic, hellmonk_ecumenical_altar_lost_god,
          chequers_decorated_corner, minmay_quantized
D:2:      layout_rooms, kennysheep_donut
D:3:      layout_loops_ring, mainiacjoe_overflow_paths, hellmonk_no_cap
D:4:      cheibrodos_old_hovel, layout_loops_ring, serial_rivers,
          chequers_serial_rivers_micro_d, chequers_serial_rivers_large_b,
          chequers_serial_rivers_micro_d, chequers_serial_rivers_micro_e,
          chequers_serial_rivers_micro_b, chequers_serial_rivers_micro_d

Skill      XL: |  1  2  3  4  5  6 |
---------------+-------------------+-----
Fighting       | 4 5 |  5.9
Axes           | 4 5 |  5.8
Armour         | 3 4 5 |  5.1
Dodging        | 3 4 |  4.6

Action                     |  1- 3 |  4- 6 |  7- 9 || total
---------------------------+-------+-------+-------++-------
  Melee: Hand axe          |    70 |   101 |     8 ||   179
         Headbutt          |     8 |    23 |     2 ||    33
         Punch             |       |     3 |       ||     3
  Throw: Javelin           |    19 |       |       ||    19
         Dart              |     7 |       |       ||     7
 Invoke: Berserk           |       |     3 |       ||     3
 Armour: Animal skin       |     1 |       |       ||     1
         Scale mail        |    34 |    46 |     8 ||    88
  Dodge: Dodged            |    42 |    70 |     7 ||   119
